 Dungeon Crawl Stone Soup version 0.20-a0-1086-g4bd2f5b (console) character file.

235 pagos the Grave Robber (level 5, 0/28 HPs)
             Began as a Deep Elf Necromancer on May 2, 2017.
             Slain by Misericorde's ghost (11 damage)
             ... on level 4 of the Dungeon.
             The game lasted 00:10:27 (3048 turns).

pagos the Grave Robber (Deep Elf Necromancer)       Turns: 3048, Time: 00:10:27

Health: 0/28       AC:  5    Str:  8    XL:     5   Next: 76%
Magic:  5/13       EV: 14    Int: 21    God:
Gold:   163        SH:  0    Dex: 15    Spells: 4/12 levels left

rFire    . . .     SeeInvis .   (no weapon)
rCold    . . .     Gourm    .   (no shield)
rNeg     . . .     Faith    .   a - +0 robe
rPois    .         Spirit   .   (no helmet)
rElec    .         Reflect  .   (no cloak)
rCorr    .         Harm     .   (no gloves)
MR       .....                  t - +2 pair of boots
Stlth    +++.......             (no amulet)
Regen    0.1/turn               r - +3 ring of strength
MPRegen  0.2/turn               (no ring)

@: no status effects
A: no striking features
a: no special abilities


You were on level 4 of the Dungeon.
You were not hungry.

You visited 1 branch of the dungeon, and saw 4 of its levels.

You collected 163 gold pieces.

Inventory:

Armour
 a - a +0 robe (worn)
 t - a +2 pair of boots (worn)
Jewellery
 r - a +3 ring of strength (left hand)
Scrolls
 d - a scroll of fear
 h - 2 scrolls of magic mapping
 i - a scroll of remove curse {unknown}
 l - 2 scrolls of identify
 o - a scroll of teleportation {unknown}
 p - a scroll of noise {unknown}
 u - a scroll of enchant weapon {unknown}
Potions
 e - a potion of curing {unknown}
 f - 2 potions of flight
 g - 2 potions of agility {unknown}
 j - 2 potions of degeneration {unknown}
 k - a potion of ambrosia {unknown}
 n - 4 potions of heal wounds {unknown}
 q - 2 potions of haste {unknown}
 s - a potion of might {unknown}
Books
 b - a book of Necromancy

   Spells                             Type                      Level
   a - Pain                           Necromancy                   1
   b - Animate Skeleton               Necromancy                   1
   c - Vampiric Draining              Necromancy                   3
   d - Regeneration                   Charms/Necromancy            3
   e - Animate Dead                   Necromancy                   4
   f - Control Undead                 Necromancy                   4
Comestibles
 c - 4 bread rations


   Skills:
 + Level 3.8 Dodging
 + Level 4.7 Stealth
 + Level 4.1 Spellcasting
 * Level 6.4 Necromancy


You had 4 spell levels left.
You knew the following spells:

 Your Spells              Type           Power        Failure   Level  Hunger
a - Pain                  Necr           ####         1%          1    None
b - Vampiric Draining     Necr           ####......   2%          3    ###....
c - Animate Dead          Necr           N/A          9%          4    ####...


Dungeon Overview and Level Annotations

Branches:
Dungeon (4/15)
 Temple: D:4-7

Altars:
Ashenzari
Dithmenos
Elyvilon

Annotations:
D:4 Misericorde's ghost, amateur SpGl


Message History

Confirm with . or Enter, or press ? or * to list all spells.
You can't see any susceptible monsters within range! (Use Z to cast anyway.)
Casting: Animate Dead
Confirm with . or Enter, or press ? or * to list all spells.
Aiming: Vampiric Draining
Press: ? - help, Shift-Dir - straight line, f - Misericorde's ghost
Aim: Misericorde's ghost You can't drain life from that!
A worm comes into view.
Misericorde's ghost closely misses you. Misericorde's ghost hits you.
Misericorde's ghost whispers, "They're coming for you..."
Misericorde's ghost barely misses you.
Casting: Vampiric Draining
Confirm with . or Enter, or press ? or * to list all spells.
Aiming: Pain
Press: ? - help, Shift-Dir - straight line, f - worm, p - Misericorde's ghost
Aim: a worm (resting, chance to defeat MR: 89%)
The worm writhes in agony!
Misericorde's ghost hits you!
You die...

##### #####...##
#........#####.
#..............
#.........#
#.........#####
#......<.......
#........########
#####.......#.@.#
#..####.#W#.#
#..####.#.#w#
#...........#
#.#####.#.###
#.......#.#
######..#.#
#..#..
#..#######.


You could see a worm and Misericorde's ghost.

Vanquished Creatures
  An orc priest (D:4)
  2 orc wizards (D:3)
  Jessica (D:3)
  A gnoll (D:1)
  3 adders
  3 worms
  3 leopard geckos
  10 orcs (D:3)
  9 bats
  2 giant cockroaches
  4 goblins
  6 hobgoblins
  2 jackals (D:1)
  A quokka (D:2)
  A ball python (D:2)
  4 frilled lizards
  10 kobolds
  10 rats
73 creatures vanquished.

Vanquished Creatures (collateral kills)
  A kobold (D:3)
1 creature vanquished.

Grand Total: 74 creatures vanquished

Notes
Turn   | Place    | Note
-------+----------+-------------------------------------------
     0 | D:1      | pagos the Deep Elf Necromancer began the quest for the Orb.
     0 | D:1      | Reached XP level 1. HP: 10/10 MP: 6/6
   306 | D:1      | Reached skill level 5 in Necromancy
   310 | D:1      | Reached XP level 2. HP: 7/15 MP: 0/8
   684 | D:1      | Reached XP level 3. HP: 12/19 MP: 6/9
   968 | D:1      | Learned a level 3 spell: Vampiric Draining
  1063 | D:2      | Found a white marble altar of Elyvilon.
  1063 | D:2      | Found a shattered altar of Ashenzari.
  1380 | D:2      | Reached XP level 4. HP: 16/24 MP: 7/11
  1386 | D:2      | Learned a level 4 spell: Animate Dead
  1909 | D:3      | Noticed Jessica
  1913 | D:3      | Killed Jessica
  1914 | D:3      | Found a shadowy altar of Dithmenos.
  2013 | D:3      | Reached XP level 5. HP: 25/28 MP: 8/12
  2166 | D:3      | Reached skill level 6 in Necromancy
  3032 | D:4      | Noticed Misericorde's ghost (amateur SpGl)
  3048 | D:4      | Slain by Misericorde's ghost

Vault maps used:
D:1:      eino_arrival_water_cross, serial_corexii_hall, corexii_hall_statues_u,
          corexii_hall_statues_s, corexii_hall_statues_deadend,
          corexii_hall_statues_l, minmay_ruptured
D:2:      gammafunk_temple_overflow_statue
D:3:      old_standard_altar, first_bread, uniq_jessica
D:4:      nicolae_ru_the_path_less_chosen

Skill      XL: |  1  2  3  4  5 |
---------------+----------------+-----
Necromancy     | 5 6 |  6.4
Stealth        | 3 4 |  4.7
Dodging        | 3 |  3.8
Spellcasting   | 4 |  4.1

Action                   |  1- 3 |  4- 6 || total
-------------------------+-------+-------++-------
Melee: Unarmed           |       |     7 ||     7
 Cast: Pain              |    66 |    64 ||   130
       Vampiric Draining |       |    14 ||    14
       Animate Dead      |       |     4 ||     4
  Use: Scroll            |       |     5 ||     5
  Eat: Chunk             |     1 |     5 ||     6
       Meat ration       |       |     1 ||     1
Armor: Robe              |       |     5 ||     5
Dodge: Dodged            |     6 |    18 ||    24
